 Dungeon Crawl Stone Soup version 0.28-a0-957-g42eb19b844 (webtiles) character file.

Game seed: 12068617663868090589

419 croobank the Ducker (level 6, -9/51 HPs)
             Began as a Gnoll Gladiator on Dec 1, 2021.
             Was a Priest of Cheibriados.
             Killed by divine providence
             ... invoked by an orc priest
              (12 damage)
             ... on level 4 of the Dungeon.
             The game lasted 00:18:17 (3826 turns).

croobank the Ducker (Gnoll Gladiator)               Turns: 3826, Time: 00:18:21

Health: -9/51      AC: 10    Str: 25 (26) XL:     6   Next: 93%
Magic:  9/9        EV: 15    Int: 14 (17) God:    Cheibriados [***...]
Gold:   129        SH:  0    Dex: 18 (20) Spells: 9/9 levels left

rFire   . . .      SeeInvis .   a - +3 war axe
rCold   . . .      Faith    +   (no shield)
rNeg    . . .      Spirit   .   t - +3 ring mail
rPois   .          Reflect  .   c - +0 helmet
rElec   .          Harm     .   e - +0 cloak
rCorr   .          Rampage  .   (no gloves)
Will    .....                   (no boots)
Stlth   ..........              m - amulet of faith
HPRegen 0.17/turn               f - +6 ring of strength
MPRegen 0.11/turn               (no ring)

@: confused, ambrosia-drunk, flying, very slow
A: fangs 1, strong nose, distributed training
a: Renounce Religion, Bend Time, Temporal Distortion


You were on level 4 of the Dungeon.
You worshipped Cheibriados.
Cheibriados was most pleased with you.
You visited 1 branch of the dungeon, and saw 4 of its levels.

You collected 129 gold pieces.

Inventory:

Hand Weapons
 a - a +3 war axe (weapon)
 h - a +0 short sword
 i - a +0 dagger of protection
Missiles
 d - 3 throwing nets (quivered)
 g - 75 stones
 k - 21 bolts
 l - 32 arrows
Armour
 b - a +0 leather armour
 c - a +0 helmet (worn)
 e - a +0 cloak (worn)
 j - a +0 kite shield
 q - a +0 chain mail
 t - a +3 ring mail (worn)
Jewellery
 f - a +6 ring of strength (left hand)
 m - an amulet of faith (around neck)
Scrolls
 u - a scroll of immolation {unknown}
 v - a scroll of magic mapping {unknown}
Potions
 r - a potion of degeneration


   Skills:
 + Level 5.1 Fighting
 + Level 2.1 Short Blades
 + Level 2.1 Long Blades
 + Level 6.9 Axes
 + Level 2.1 Maces & Flails
 + Level 2.1 Polearms
 + Level 2.1 Staves
 + Level 2.1 Slings
 + Level 2.1 Bows
 + Level 2.1 Crossbows
 + Level 5.1 Throwing
 + Level 2.1 Armour
 + Level 6.9 Dodging
 + Level 2.1 Stealth
 + Level 2.1 Shields
 + Level 2.1 Unarmed Combat
 + Level 2.1 Spellcasting
 + Level 1.7 Conjurations
 + Level 1.7 Hexes
 + Level 1.7 Summonings
 + Level 1.7 Necromancy
 + Level 1.7 Translocations
 + Level 1.7 Transmutations
 + Level 1.7 Fire Magic
 + Level 1.7 Ice Magic
 + Level 1.7 Air Magic
 + Level 1.7 Earth Magic
 + Level 1.7 Poison Magic
 + Level 2.4 Invocations
 + Level 2.1 Evocations


You had 9 spell levels left.
You didn't know any spells.
Your spell library was empty.

Dungeon Overview and Level Annotations

Branches:
Dungeon (4/15)
 Temple: D:4-7

Altars:
Cheibriados

Annotations:
D:3 2 transporters, croobank's ghost, amateur GnMo
D:4 Edmund


Innate Abilities, Weirdness & Mutations

You have very sharp teeth.
Your uncanny sense of smell can sniff out nearby items.
Your experience applies equally to all skills.


Message History

Edmund seems to slow down.
Cheibriados rebukes the orc.
The orc seems to slow down.
The orc hits you but does no damage.
You are poisoned.
The orc misses you. Edmund hits you but does no damage.
You feel sick. The phantom completely misses you.
You feel sick. The phantom closely misses you.
You feel sick.
The phantom is no longer moving slowly.
You feel sick.
You feel sick.
You feel sick.
You are no longer poisoned.
A kobold comes into view. It is wielding a +0 dagger.
The phantom closely misses you. The orc hits you but does no damage.
You are poisoned.
You feel sick.
You feel sick. The phantom barely misses you.
An iguana comes into view.
You feel sick.
Edmund is no longer moving slowly.
The phantom barely misses you. The orc misses you.
You feel sick.
The orc is no longer moving slowly.
It was a potion of degeneration.
There was something very wrong with that liquid.
You feel weakened.
You feel dopey.
You feel clumsy.
You feel sick. The orc closely misses you.
The phantom hits you but does no damage.
It was a potion of flight.
You feel very buoyant.
You fly up into the air.
You feel sick.
You are no longer poisoned.
The phantom misses you. The orc hits you but does no damage.
The orc priest barely misses you.
It was a potion of ambrosia.
You are confused.
You feel invigorated. The phantom hits you!
* * * LOW HITPOINT WARNING * * *
The orc closely misses you.
The orc priest calls down the wrath of Beogh upon you.
Beogh smites you!
You die...

#..##.............
#..##..###########
. #.......# # .'
#.......# # #.
#.......# # #..
#...##.## ######
##...##@.o####
......
......oWoo.#
......
.......@...#
......
...........#
......
...........#
......
...l.......#
......
...........#
......
##...#######
...... #... ######
+...


You could see Edmund, a phantom, an iguana, an orc priest and 3 orcs.

Vanquished Creatures
  Duvessa (D:4)
  Dowan (D:4)
  2 orc priests
  Jessica (D:2)
  Natasha (thrice) (D:2)
  Terence (D:2)
  An adder (D:2)
  A dart slug (D:1)
  8 orcs
  4 endoplasms
  2 giant cockroaches
  4 goblins
  4 hobgoblins
  6 jackals
  3 quokkas
  7 ball pythons
  3 bats
  2 frilled lizards
  7 kobolds
  3 rats
  2 toadstools (D:1)
66 creatures vanquished.

Vanquished Creatures (others)
  A fungus (D:1)
  A plant (D:2)
  2 toadstools (D:1)
4 creatures vanquished.

Grand Total: 70 creatures vanquished

Notes
Turn   | Place    | Note
-------+----------+-------------------------------------------
     0 | D:1      | croobank the Gnoll Gladiator began the quest for the Orb.
     0 | D:1      | Reached XP level 1. HP: 20/20 MP: 1/1
   103 | D:1      | Reached XP level 2. HP: 23/26 MP: 2/2
   182 | D:1      | Found a faded altar of an unknown god.
   186 | D:1      | Prayed at the altar of an unknown god.
   186 | D:1      | Became a worshipper of Cheibriados the Contemplative
   186 | D:1      | Reached * piety under Cheibriados
   793 | D:2      | Noticed Natasha
   799 | D:2      | Killed Natasha
   800 | D:2      | Reached skill level 1 in Invocations
   800 | D:2      | Reached XP level 3. HP: 25/31 MP: 2/4
   898 | D:2      | Noticed Natasha
   906 | D:2      | Killed Natasha
   907 | D:2      | Reached skill level 1 in Short Blades
   907 | D:2      | Reached skill level 1 in Long Blades
   907 | D:2      | Reached skill level 1 in Maces & Flails
   907 | D:2      | Reached skill level 1 in Polearms
   907 | D:2      | Reached skill level 1 in Staves
   907 | D:2      | Reached skill level 1 in Slings
   907 | D:2      | Reached skill level 1 in Bows
   907 | D:2      | Reached skill level 1 in Crossbows
   907 | D:2      | Reached skill level 1 in Armour
   907 | D:2      | Reached skill level 1 in Stealth
   907 | D:2      | Reached skill level 1 in Shields
   907 | D:2      | Reached skill level 1 in Unarmed Combat
   907 | D:2      | Reached skill level 1 in Spellcasting
   907 | D:2      | Reached skill level 1 in Evocations
   907 | D:2      | Reached XP level 4. HP: 19/38 MP: 5/5
  1081 | D:2      | Reached skill level 1 in Conjurations
  1081 | D:2      | Reached skill level 1 in Hexes
  1081 | D:2      | Reached skill level 1 in Summonings
  1081 | D:2      | Reached skill level 1 in Necromancy
  1081 | D:2      | Reached skill level 1 in Translocations
  1081 | D:2      | Reached skill level 1 in Transmutations
  1081 | D:2      | Reached skill level 1 in Fire Magic
  1081 | D:2      | Reached skill level 1 in Ice Magic
  1081 | D:2      | Reached skill level 1 in Air Magic
  1081 | D:2      | Reached skill level 1 in Earth Magic
  1081 | D:2      | Reached skill level 1 in Poison Magic
  1097 | D:2      | Reached ** piety under Cheibriados
  1215 | D:2      | Noticed Natasha
  1228 | D:2      | Killed Natasha
  1229 | D:2      | Reached XP level 5. HP: 2/43 MP: 5/7
  1651 | D:2      | Noticed Jessica
  1662 | D:2      | Killed Jessica
  2042 | D:2      | Noticed Terence
  2055 | D:2      | Killed Terence
  2426 | D:3      | Noticed croobank's ghost (amateur GnMo)
  2555 | D:3      | Found a transporter.
  2721 | D:3      | Reached *** piety under Cheibriados
  2825 | D:3      | Found a transporter.
  3194 | D:3      | Reached XP level 6. HP: 7/50 MP: 6/8
  3563 | D:4      | Noticed Duvessa
  3563 | D:4      | Noticed Dowan
  3577 | D:4      | Killed Duvessa
  3578 | D:4      | Reached skill level 5 in Fighting
  3578 | D:4      | Reached skill level 5 in Throwing
  3585 | D:4      | Killed Dowan
  3800 | D:4      | Noticed Edmund
  3826 | D:4      | Killed from afar by an orc priest

Illustrated notes

Levels and vault maps discovered:
D:1:      ldierk_water_garden, layout_loops_cross,
          shapermc_ecumenical_altar_acropolis
D:2:      layout_loops_ring, minmay_shallow_snake_nest, uniq_jessica,
          uniq_terence, uniq_natasha
D:3:      layout_loops_cross, gammafunk_ghost_arena, roderic_lattice_a
D:4:      layout_gridville, minmay_overflow_temple_star_quad, uniq_duvessa,
          uniq_edmund

Skill      XL: |  1  2  3  4  5  6 |
---------------+-------------------+-----
Invocations    | 1 2 |  2.4
Short Blades   | 1 2 |  2.1
Long Blades    | 1 2 |  2.1
Maces & Flails | 1 2 |  2.1
Polearms       | 1 2 |  2.1
Staves         | 1 2 |  2.1
Slings         | 1 2 |  2.1
Bows           | 1 2 |  2.1
Crossbows      | 1 2 |  2.1
Armour         | 1 2 |  2.1
Stealth        | 1 2 |  2.1
Shields        | 1 2 |  2.1
Unarmed Combat | 1 2 |  2.1
Spellcasting   | 1 2 |  2.1
Evocations     | 1 2 |  2.1
Conjurations   | 1 |  1.7
Hexes          | 1 |  1.7
Summonings     | 1 |  1.7
Necromancy     | 1 |  1.7
Translocations | 1 |  1.7
Transmutations | 1 |  1.7
Fire Magic     | 1 |  1.7
Ice Magic      | 1 |  1.7
Air Magic      | 1 |  1.7
Earth Magic    | 1 |  1.7
Poison Magic   | 1 |  1.7
Fighting       | 5 |  5.1
Throwing       | 5 |  5.1
Axes           | |  6.9
Dodging        | |  6.9

Action                   |  1- 3 |  4- 6 || total
-------------------------+-------+-------++-------
Melee: War axe           |    56 |   126 ||   182
       Bite              |     8 |    20 ||    28
       Punch             |       |     1 ||     1
Invok: Bend Time         |       |     2 ||     2
  Use: Scroll            |       |    11 ||    11
       Potion            |       |     5 ||     5
 Stab: Sleeping          |     1 |     5 ||     6
Armor: Leather armour    |    10 |    22 ||    32
       Ring mail         |       |    11 ||    11
Dodge: Dodged            |    40 |   133 ||   173

Table legend: (Time is in decaauts)
 A = Elapsed time spent in this place.
 B = Non-inter-level travel time spent in this place.
 C = Inter-level travel time spent in this place.
 D = Time resting spent in this place.
 E = Time spent auto-exploring this place.
 F = Levels seen in this place.
 G = Mean time per level.
                   A        B        C        D        E       F      G
               +--------+--------+--------+--------+--------+-----+--------+
         Total |   4887 |   4817 |     70 |   1120 |   2862 |   4 | 1221.8 |
       Dungeon |   4887 |   4817 |     70 |   1120 |   2862 |   4 | 1221.8 |
               +--------+--------+--------+--------+--------+-----+--------+

Top non-repeatable levels by time:
     D:2: 1998 daAuts
     D:3: 1399 daAuts
     D:1: 973 daAuts
     D:4: 517 daAuts
